 Dungeon Crawl Stone Soup version 0.30.0-29-ga12c61a403 (webtiles) character file.

Game seed: 13526098207607462557

3344 wingedge the Cruncher (level 10, -1/74 HPs)
             Began as a Human Wanderer on June 11, 2023.
             Killed from afar by a steam dragon (18 damage)
             ... with a ball of steam
             ... on level 7 of the Dungeon.
             The game lasted 00:25:04 (7375 turns).

wingedge the Cruncher (Human Wanderer)              Turns: 7375, Time: 00:25:04

Health: -1/74      AC: 27    Str: 10    XL:     10   Next: 22%
Magic:  14/14      EV:  8    Int: 17    God:
Gold:   98         SH:  5    Dex: 15    Spells: 14/15 levels left

rFire   . . .        a - +7 staff of the Meek {protect, meekguard}
rCold   . . .        (shield currently unavailable)
rNeg    + . .        K - +1 scale mail {rPois}
rPois   +            v - +0 helmet
rElec   .            q - +0 cloak
rCorr   .            F - +0 pair of gloves
SInv    .            H - +1 pair of boots
Will    +....        j - amulet of reflection
Stlth   +            p - ring of positive energy
HPRegen 0.32/turn    B - ring of willpower
MPRegen 0.14/turn

%: reflection
@: under a protective aura, studying Invocations
A: no striking features
a: no special abilities


You were on level 7 of the Dungeon.
You visited 2 branches of the dungeon, and saw 8 of its levels.
You also visited: Sewer.

You collected 231 gold pieces.
You spent 133 gold pieces at shops.

Inventory:

Hand Weapons
 a - the +7 staff of the Meek (weapon) {protect, meekguard}
   (You found it on level 3 of the Dungeon)
 b - a +2 sling of electrocution
Missiles
 d - a throwing net
Armour
 q - a +0 cloak (worn)
 v - a +0 helmet (worn)
 x - a +0 kite shield
 F - a +0 pair of gloves (worn)
 H - a +1 pair of boots (worn)
 K - a +1 scale mail of poison resistance (worn)
 O - a +2 robe of the Archmagi
Jewellery
 j - an amulet of reflection (around neck)
 k - an amulet of regeneration
 p - a ring of positive energy (left hand)
 B - a ring of willpower (right hand)
Wands
 c - a wand of roots (26)
 s - a wand of light (2)
 w - a wand of polymorph (21)
 C - a wand of mindburst (5) (quivered)
Scrolls
 g - 5 scrolls of teleportation
 h - 2 scrolls of silence {unknown}
 i - 2 scrolls of amnesia {unknown}
 m - a scroll of enchant armour
 r - a scroll of immolation {unknown}
 u - a scroll of fear
 y - a scroll of brand weapon {unknown}
 D - a scroll of blinking
 E - a scroll of enchant weapon {unknown}
 G - a scroll of summoning {unknown}
 J - a scroll of fog {unknown}
 M - a scroll of magic mapping {unknown}
 P - a scroll of torment {unknown}
Potions
 e - a potion of haste {unknown}
 f - 2 potions of curing
 l - a potion of berserk rage {unknown}
 n - 3 potions of might
 o - 6 potions of flight
 t - 2 potions of magic {unknown}
 z - a potion of mutation {unknown}
 A - 3 potions of brilliance
 I - a potion of degeneration {unknown}
 L - a potion of invisibility {unknown}
 N - a potion of heal wounds {unknown}


   Skills:
 + Level 5.4 Fighting
 + Level 10.2 Staves
 - Level 7.0 Ranged Weapons
 - Level 3.0 Armour
 - Level 2.0 Stealth
 - Level 3.0 Spellcasting
 - Level 2.0 Summonings


You had 14 spell levels left.
You knew the following spells:

 Your Spells              Type           Power      Damage    Failure   Level
a - Summon Small Mammal   Summ           36%        N/A       43%         1

Your spell library contained the following spells:

 Spells                   Type           Power      Damage    Failure   Level
 Ensorcelled Hibernation  Hex/Ice        4%         N/A       86%         2
 Passwall                 Tmut/Erth      1%         N/A       86%         2
 Summon Guardian Golem    Hex/Summ       5%         N/A       91%         3
 Swiftness                Air            2%         N/A       97%         3


Dungeon Overview and Level Annotations

Branches:
Dungeon (7/15)             Temple (1/1) D:6           Sewer (visited)

Altars:
Ashenzari
Cheibriados
Dithmenos
Elyvilon
Fedhas
Gozag
Hepliaklqana
Kikubaaqudgha
Makhleb
Nemelex Xobeh
Qazlal
Ru
Trog
Uskayaw
Vehumet
Xom
Zin
The Shining One

Shops:
D:1 [

Annotations:
D:4 3 runed translucent doors, BoiledPickle's ghost, amateur MiBe; SweetJohnnyV's ghost, amateur TrBe; SweetJohnnyV's ghost, novice AtBe; Taurus's ghost, novice MiFi


Message History

You block the steam dragon's attack.
You hit the steam dragon but do no damage.
The steam dragon is severely wounded.
You are engulfed in a cloud of scalding steam.
You hit the steam dragon.
The steam dragon is severely wounded.
You are engulfed in a cloud of scalding steam.
You block the steam dragon's attack.
The steam dragon claws you but does no damage.
You barely miss the steam dragon.
The steam dragon is severely wounded.
You are engulfed in a cloud of scalding steam.
The steam dragon misses you.
The steam dragon claws you but does no damage.
You closely miss the steam dragon.
The steam dragon is severely wounded.
The steam dragon bites you but does no damage.
The steam dragon claws you but does no damage.
You sock the steam dragon!
The steam dragon is almost dead.
The steam dragon bites you. You block the steam dragon's attack.
You barely miss the steam dragon.
The steam dragon is almost dead.
You hit the steam dragon.
The steam dragon is almost dead.
The steam dragon barely misses you. You block the steam dragon's attack.
The bullfrog swells and bulges.
You hit the steam dragon but do no damage.
The steam dragon is almost dead.
The steam dragon bites you.
* * * LOW HITPOINT WARNING * * *
The steam dragon claws you.
* * * LOW HITPOINT WARNING * * *
A howler monkey comes into view.
You barely miss the steam dragon.
The steam dragon is almost dead.
The howler monkey howls!
The steam dragon breathes steam at you. The ball of steam hits you!!
You die...

##### #.# ..#
#.## ..#
#..###.#.###
######..........
##......###)...##
##..####)# .#.#
###..## #)# #
#...## #.## #
#.### #.@#
######)# #...#D#
.##))..# #...#F.
...)#### #.....$.
))).# ...).##...
.##.# .##... ..>.
###..# ###. ##.##
...# .# ##..


You could see a steam dragon (catching breath) and a bullfrog.

Vanquished Creatures
  A two-headed ogre (D:6)
  Sigmund (D:2)
  Eustachio (D:5)
  A sky beast (D:6)
  An orc warrior (D:7)
  A black bear (D:6)
  An ogre (D:5)
  2 centaurs
  4 phantoms
  2 kobold brigands
  Blork the orc (D:6)
  A gnoll sergeant (D:5)
  5 scorpions
  A wight (D:6)
  2 howler monkeys
  2 jellies (D:6)
  A hound (D:6)
  5 orc priests
  4 iguanas
  A sleepcap (D:5)
  Ijyb (D:3)
  6 orc wizards
  A sickly merfolk siren (Sewer)
  A malarious merfolk avatar (Sewer)
  6 gnolls
  16 adders
  2 river rats
  A shadow imp (D:6)
  A white imp (D:6)
  An ufetubus (D:4)
  2 worms
  A dart slug (D:3)
  29 orcs
  16 ball pythons
  5 bats
  8 endoplasms
  8 giant cockroaches
  8 goblins
  6 hobgoblins
  5 quokkas
  7 frilled lizards
  14 kobolds
  29 rats
212 creatures vanquished.

Notes
Turn   | Place    | Note
-------+----------+-------------------------------------------
     0 | D:1      | wingedge the Human Wanderer began the quest for the Orb.
     0 | D:1      | wingedge set off with the following items: a +2 sling, a +0
                  | helmet, a scroll of blinking, a +0 robe; and the following
                  | spell memorised: Summon Small Mammal; and the following
                  | spells available to memorise: Summon Guardian Golem.
     0 | D:1      | Reached XP level 1. HP: 13/13 MP: 3/3
    50 | D:1      | Reached skill level 1 in Fighting
    52 | D:1      | Found Joeref's Antique Armour Emporium.
   110 | D:1      | Reached XP level 2. HP: 21/21 MP: 5/5
   239 | D:1      | Reached XP level 3. HP: 19/27 MP: 6/6
   922 | D:2      | Reached XP level 4. HP: 28/33 MP: 7/7
  1017 | D:2      | Noticed Sigmund
  1022 | D:2      | Killed Sigmund
  1023 | D:2      | Reached skill level 5 in Ranged Weapons
  1023 | D:2      | Reached XP level 5. HP: 36/38 MP: 8/8
  1023 | D:2      | Reached XP level 6. HP: 42/44 MP: 9/9
  1471 | D:3      | Noticed Ijyb
  1780 | D:3      | Killed Ijyb
  1830 | D:3      | Found a bloodstained altar of Trog.
  2095 | D:3      | Reached XP level 7. HP: 52/52 MP: 10/10
  2341 | D:3      | Found the +7 staff of the Meek {protect, meekguard}
  2603 | D:4      | Found a hazy altar of Hepliaklqana.
  2642 | D:4      | Noticed BoiledPickle's ghost (amateur MiBe)
  2643 | D:4      | Found a runed translucent gate.
  2644 | D:4      | Found a runed translucent gate.
  2644 | D:4      | Found a runed translucent gate.
  2644 | D:4      | Noticed SweetJohnnyV's ghost (novice AtBe)
  2644 | D:4      | Noticed SweetJohnnyV's ghost (amateur TrBe)
  2644 | D:4      | Noticed Taurus's ghost (novice MiFi)
  2653 | D:4      | Reached skill level 1 in Staves
  2703 | D:4      | Reached skill level 2 in Staves
  2772 | D:4      | Found a glowing drain.
  2783 | Sewer    | Entered a sewer
  2905 | Sewer    | Reached skill level 3 in Staves
  3303 | D:4      | Reached XP level 8. HP: 57/58 MP: 11/11
  3309 | D:4      | Reached skill level 4 in Staves
  3424 | D:4      | Found a glowing silver altar of Zin.
  3478 | D:4      | Found a snail-covered altar of Cheibriados.
  3789 | D:5      | Entered Level 5 of the Dungeon
  3912 | D:5      | Reached skill level 5 in Staves
  4190 | D:5      | Reached skill level 6 in Staves
  4213 | D:5      | Noticed Eustachio
  4454 | D:1      | Bought a shiny scale mail for 133 gold pieces
  4688 | D:5      | Killed Eustachio
  4984 | D:5      | Reached XP level 9. HP: 65/65 MP: 13/13
  5497 | D:6      | Found a sacrificial altar of Ru.
  5507 | D:6      | Reached skill level 7 in Staves
  5557 | D:6      | Noticed a two-headed ogre
  5889 | D:6      | Killed a two-headed ogre
  5890 | D:6      | Reached skill level 8 in Staves
  5890 | D:6      | Reached skill level 5 in Fighting
  6333 | D:6      | Reached skill level 9 in Staves
  6353 | D:6      | Reached XP level 10. HP: 72/74 MP: 14/14
  6568 | D:6      | Noticed Blork the orc
  6579 | D:6      | Killed Blork the orc
  6795 | D:6      | Found a staircase to the Ecumenical Temple.
  6799 | Temple   | Entered the Ecumenical Temple
  7266 | D:7      | Reached skill level 10 in Staves
  7375 | D:7      | Killed from afar by a steam dragon

Illustrated notes

Levels and vault maps discovered:
D:1:      dpeg_arrival_another_circle, layout_loops_ring, serial_shops,
          nicolae_shop_tiny_glass, hangedman_decor_slide_cut
D:2:      layout_basic, uniq_sigmund
D:3:      layout_loops_corners, trog_three_pillars_becter, nrook_campfire,
          st_stairs_10, pf_guarded_unrand_meek, uniq_ijyb
D:4:      layout_basic, lemuel_coloured_pillars_altar,
          mainiacjoe_overflow_catch_the_wave, gammafunk_ghost_cemetery,
          portal_sewer_entry_e
D:5:      layout_basic, serial_co_window_serial, co_window_corner_a,
          co_window_corner_a, co_window_paths_a, co_window_corner_a,
          co_window_paths_a, co_window_broadway_a, co_window_broadway_b,
          co_window_cross_3, co_window_corner_ca, co_window_of_opportunity_b,
          co_window_paths_c, co_window_paths_e, dk_noncrumbling_4,
          amcnicky_mini_pool_medium, uniq_eustachio
D:6:      layout_layer_cave, old_standard_altar, temple_hall_moat,
          minmay_manual_moon, uniq_blork_the_orc
D:7:      layout_rooms, mainiacjoe_overflow_large_starburst
Temple:   hellmonk_temple_forest_ring

Skill      XL: |  1  2  3  4  5  6  7  8  9 10 |
---------------+-------------------------------+-----
Fighting       | 1 2 3 4 5 |  5.4
Ranged Weapons | 4 5 6 7 |  7.0
Staves         | 3 6 9 10 | 10.2
Armour         | 2 3 |  3.0
Spellcasting   | 3 |  3.0
Stealth        | |  2.0
Summonings     | |  2.0

Action                     |  1- 3 |  4- 6 |  7- 9 | 10-12 || total
---------------------------+-------+-------+-------+-------++-------
  Melee: Quarterstaff      |       |       |   244 |    68 ||   312
   Fire: Sling             |    79 |    67 |   185 |    26 ||   357
  Throw: Throwing net      |       |       |     1 |       ||     1
  Evoke: Wand              |       |       |     2 |       ||     2
    Use: Scroll            |       |     1 |     6 |     2 ||     9
 Armour: Robe              |    10 |       |       |       ||    10
         Leather armour    |     1 |     7 |       |       ||     8
         Ring mail         |       |     1 |    83 |       ||    84
         Scale mail        |       |       |    78 |    39 ||   117
  Dodge: Dodged            |    20 |    13 |   119 |     9 ||   161
  Block: Other             |     2 |     7 |    67 |    10 ||    86
         Reflection        |       |       |     3 |       ||     3
